Map: Acid Plant LE

Players

MaNa - Winner!

  • Race: Protoss Protoss
  • Spawn Location: 11:00

ShaDoWn

  • Race: Protoss Protoss
  • Spawn Location: 5:00

Event: WCS Valencia 2018

VOD

Have the link to the VOD?

Description

Time

  • Played on: July 12, 2018, 12:45 p.m.
  • Length: 8:21

All games in this series

Show
View Real Time Build Order
Export as new Build Order

MaNa Protoss - Winner!

Build Orders: Oracle Opening 

Get SALT Encoding   

  12  0:00  Probe  
  13  0:12  Probe  
  14  0:17  Pylon  
  14  0:23  Probe  
  15  0:31  Probe  
  15  0:38  Gateway  
  15  0:40  Probe  
  16  0:47  Assimilator  
  17  0:50  Probe  
  18  0:58  Probe  
  18  1:04  Assimilator  
  19  1:06  Probe  
  20  1:14  Gateway  
  20  1:17  Probe  
  20  1:25  Cybernetics Core  
  21  1:29  Probe  
  22  1:34  Pylon  
  22  1:41  Probe  
  23  1:53  Probe  
  24  2:01  Stalker x2  
  26  2:02  Warp Gate  
  26  2:05  Probe  
  29  2:13  Pylon  
  29  2:23  Stargate  
  29  2:33  Stalker  
  31  2:40  Stalker  
  33  3:02  Oracle  
  33  3:07  Nexus  
  35  3:20  Probe  
  36  3:29  Oracle  
  36  3:32  Pylon  
  39  3:45  Shield Battery  
  39  3:50  Probe  
  40  3:59  Pylon  
  40  4:02  Probe  
  41  4:06  Adept x2  
  45  4:10  Probe  
  46  4:19  Twilight Council, Phoenix  
  46  4:20  Probe x2  
  50  4:39  Probe  
  50  4:40  Probe  
  50  4:42  Blink  
  52  4:51  Probe  
  53  4:54  Probe  
  52  5:04  Probe  
  52  5:05  Stalker  
  52  5:06  Probe  
  56  5:10  Stalker  
  58  5:16  Probe  
  58  5:18  Probe  
  60  5:26  Gateway  
  60  5:27  Gateway  
  60  5:32  Gateway  
  60  5:35  Gateway  
  60  5:42  Probe x2  
  62  5:44  Pylon  
  62  6:00  Pylon  
  62  6:02  Pylon  
  62  6:03  Stalker x2  
  66  6:06  Probe x2  
  68  6:29  Stalker x5  
  68  6:30  Stalker  
  80  6:53  Zealot x3, Pylon  
  86  6:58  Assimilator  
  86  6:59  Pylon  
  83  7:03  Adept x3  
  78  7:19  Stalker x3  
  70  7:30  Stalker x2  
  70  7:35  Stalker  
  69  7:55  Stalker  
  69  8:03  Stalker  
Show
View Real Time Build Order
Export as new Build Order

ShaDoWn Protoss 

Build Orders: Oracle Opening 

Get SALT Encoding   

  12  0:00  Probe  
  13  0:13  Probe  
  14  0:17  Pylon  
  14  0:25  Probe  
  15  0:33  Probe  
  15  0:38  Gateway  
  15  0:42  Probe  
  16  0:47  Assimilator  
  17  0:51  Probe  
  17  0:55  Assimilator  
  18  1:01  Probe  
  19  1:08  Gateway  
  19  1:09  Probe  
  19  1:17  Probe  
  20  1:25  Cybernetics Core  
  21  1:29  Probe  
  22  1:36  Pylon  
  22  1:41  Probe  
  23  1:51  Warp Gate  
  23  1:54  Probe  
  24  2:02  Sentry, Adept  
  28  2:11  Pylon  
  28  2:32  Stalker x2  
  31  2:41  Stargate  
  31  3:02  Stalker  
  31  3:05  Shield Battery  
  33  3:12  Nexus  
  33  3:15  Oracle  
  33  3:26  Probe  
  37  3:35  Pylon  
  37  3:40  Probe  
  38  3:54  Probe  
  42  4:01  Phoenix  
  41  4:07  Probe  
  40  4:12  Twilight Council  
  40  4:19  Probe  
  40  4:21  Probe  
  40  4:23  Phoenix  
  41  4:29  Probe  
  44  4:32  Probe  
  46  4:39  Resonating Glaives, Probe  
  46  4:44  Stalker, Probe  
  46  4:45  Stalker  
  46  4:58  Probe  
  46  4:59  Probe  
  48  5:10  Probe  
  48  5:11  Probe  
  48  5:12  Gateway  
  50  5:21  Adept x2  
  50  5:23  Probe x2  
  56  5:35  Probe  
  57  5:36  Pylon  
  57  5:37  Gateway  
  57  5:40  Probe  
  57  5:42  Sentry, Adept  
  62  5:44  Pylon  
  62  5:54  Probe  
  62  5:55  Gateway  
  63  5:59  Pylon  
  64  6:05  Adept x2  
  64  6:08  Adept  
  64  6:09  Probe  
  70  6:19  Probe  
  70  6:22  Pylon  
  70  6:23  Probe  
  72  6:30  Adept x3  
  76  6:33  Probe  
  76  6:36  Adept  
  75  6:45  Shield Battery  
  73  6:52  Adept x4  
  81  6:57  Adept  
  84  7:01  Probe  
  84  7:07  Assimilator  
  84  7:08  Assimilator  
  85  7:09  Robotics Facility  
  85  7:12  Adept  
  79  7:22  Adept x2  
  81  7:25  Probe  
  81  7:28  Zealot x2  
  66  7:40  Shield Battery, Adept  
  66  7:43  Adept x2  
  70  7:49  Adept x2  
  66  7:51  Shield Battery  
  66  7:52  Shield Battery  
  66  7:55  Shield Battery  
  46  8:11  Adept  
  48  8:14  Adept x2  
Tags
 
Add a new tag
Caveats
  • Supply blocks, unpowered buildings, or Contaminate may cause inaccurate times.
  • Supply counts are checked every 10 seconds.